Hurricanes vs Jets

Created - Saturday, February 06, 2016 at 02:19

Goals
1 2 3 T
Hurricanes 1 1 0 2
Jets 0 2 1 3
Shots
1 2 3 T
Hurricanes 17 7 5 29
Jets 2 17 9 28

1st period

1. Hurricanes , Stephane Robidas 8 (Josh Bailey, Marian Gaborik) at 3:10 (PP)

Penalties :
Jarret Stoll (Wpg) for Holding (Minor) at 2:46, Wayne Simmonds (Wpg) for Interference (Minor) at 3:15, Marco Scandella (Car) for Interference (Minor) at 8:47, Alex Ovechkin (Wpg) for Hooking (Minor) at 9:08

2nd period

2. Jets , John Tavares 49 (Max Pacioretty) at 0:52
3. Hurricanes , Martin Hanzal 15 (Kris Versteeg, Jiri Hudler) at 7:23
4. Jets , Oliver Ekman-Larsson 11 (Alex Ovechkin, Oscar Klefbom) at 12:50 (PP)

Penalties :
Thomas Hickey (Car) for Hooking (Minor) at 1:46, Fedor Tyutin (Car) for Interference (Minor) at 7:54, Mike Fisher (Car) for Holding (Minor) at 11:13, Alex Ovechkin (Wpg) for Elbowing (Minor) at 18:50

3rd period

5. Jets , Wayne Simmonds 21 (Brad Stuart, Clayton Stoner) at 19:44

Penalties :
Viktor Stalberg (Car) for Interference (Minor) at 13:02

Goalie Stats

Marc-Andre Fleury (Car), 25 saves from 28 shots - (0.893), L, 15-25-5, 60:00 minutes
Jonathan Quick (Wpg), 27 saves from 29 shots - (0.931), W, 19-24-3, 60:00 minutes

Players Stats for Hurricanes

Player Name              G  A  P  +/- PIM S  H  SB GA TA FO     MP     PP MP  PK MP  
------------------------------------------------------------------------------------
Brad Richards            0  0  0   0  0   1  0  0  1  0  4/8    16:10   0:00   5:06 
Brian Flynn              0  0  0   0  0   2  0  1  2  0  5/10   14:06   0:00   2:36 
Fedor Tyutin             0  0  0   0  2   0  1  1  0  0  0/0    15:55   0:00   2:47 
Jared Spurgeon           0  0  0  -2  0   0  2  3  0  0  0/0    25:11   2:46   3:51 
Jiri Hudler              0  1  1  -1  0   2  0  0  2  0  0/0    15:23   2:21   0:00 
Josh Bailey              0  1  1   0  0   2  0  0  1  0  0/1    14:23   2:02   1:31 
Kris Versteeg            0  1  1  -1  0   3  0  1  3  0  0/0    15:02   2:21   0:21 
Marco Scandella          0  0  0   1  2   2  1  1  0  1  0/0    18:46   2:15   0:00 
Marian Gaborik           0  1  1   0  0   3  0  0  0  0  0/0    14:22   2:21   0:00 
Mark Arcobello           0  0  0   0  0   1  3  0  0  0  1/2    10:17   0:00   0:00 
Martin Hanzal            1  0  1  -1  0   2  0  1  3  0  13/17  15:08   2:21   0:00 
Mike Fisher              0  0  0   0  2   1  2  1  3  0  4/12   14:21   2:21   0:00 
Mike Weaver              0  0  0   0  0   3  0  2  0  3  0/0    17:16   0:00   4:07 
Mikhail Grabovski        0  0  0   0  0   0  0  0  0  0  0/0    10:49   0:00   0:00 
Stephane Robidas         1  0  1  -2  0   1  2  6  0  2  0/0    23:58   2:27   5:05 
Stephen Gionta           0  0  0   0  0   4  1  0  0  0  0/0    14:06   0:00   2:36 
Thomas Hickey            0  0  0   1  2   1  0  0  0  0  0/0    20:21   2:15   0:00 
Viktor Stalberg          0  0  0   0  2   1  1  0  0  2  0/0    14:43   0:00   3:40 

Players Stats for Jets

Player Name              G  A  P  +/- PIM S  H  SB GA TA FO     MP     PP MP  PK MP  
------------------------------------------------------------------------------------
Alex Ovechkin            0  1  1  -1  4   3  2  1  2  0  1/6    22:49   4:56   1:43 
Blake Wheeler            0  0  0   0  0   4  1  1  0  0  1/1    16:37   4:57   0:39 
Brad Stuart              0  1  1   1  0   0  0  2  0  1  0/0    16:27   1:10   0:36 
Claude Giroux            0  0  0   0  0   2  0  0  2  0  3/8    17:30   2:58   1:09 
Clayton Stoner           0  1  1   1  0   1  0  0  0  0  0/0     3:04   1:10   0:00 
Colin Wilson             0  0  0   0  0   1  0  0  0  0  0/0    13:00   0:00   0:00 
Filip Forsberg           0  0  0  -1  0   0  0  0  1  0  0/0     8:26   0:00   0:17 
Jake Muzzin              0  0  0   1  0   0  2  1  0  1  0/0    23:49   2:11   2:22 
Jarret Stoll             0  0  0  -1  2   0  1  0  0  0  3/5     7:04   0:00   0:00 
John Tavares             1  0  1   2  0   3  2  0  3  0  6/10   16:05   0:00   0:04 
Jussi Jokinen            0  0  0   0  0   2  2  1  0  3  1/2    15:47   0:00   1:46 
Marc Staal               0  0  0   1  0   2  2  1  0  2  0/0    20:30   2:11   0:39 
Max Pacioretty           0  1  1   2  0   2  2  0  1  1  0/0    17:06   2:58   0:00 
Oliver Ekman-Larsson     1  0  1  -1  0   2  1  1  0  1  0/0    28:58   4:34   4:03 
Oscar Klefbom            0  1  1  -1  0   2  2  1  0  1  0/0    24:09   4:34   0:00 
Ryan Getzlaf             0  0  0   0  0   3  0  0  2  1  8/18   21:36   4:57   3:46 
Victor Hedman            0  0  0   0  0   0  0  3  0  1  0/0     3:01   0:00   1:44 
Wayne Simmonds           1  0  1   2  2   1  2  0  0  0  0/0    17:33   2:58   0:00 

3 Stars

1 - John Tavares (Wpg)
2 - Wayne Simmonds (Wpg)
3 - Max Pacioretty (Wpg)

Power Play

Hurricanes - 1 on 4 Attempt(s) - 25.00%
Jets - 1 on 5 Attempt(s) - 20.00%

Penalty Kill

Hurricanes - 4 on 5 Attempt(s) - 80.00% - Score 0 goal in Penalty Kill
Jets - 3 on 4 Attempt(s) - 75.00% - Score 0 goal in Penalty Kill

Team Stat

Hurricanes - Hits : 13 - Faceoff Wins : 27 - Blocked Shots : 17 - Penalty Minutes : 10
Jets - Hits : 19 - Faceoff Wins : 23 - Blocked Shots : 12 - Penalty Minutes : 8

Official

Referees : Unknown
Linesman : Unknown

Game Notes

Victor Hedman is injured at 4:36 of 1st period (Right Wrist)

Finance

Level 1 -- Attendance: 5913 (98.55%) -- Ticket Income $502,605
Level 2 -- Attendance: 4280 (85.60%) -- Ticket Income $235,400
Level 3 -- Attendance: 2000 (100.00%) -- Ticket Income $60,000
Level 4 -- Attendance: 3004 (75.10%) -- Ticket Income $60,080
Luxury Box -- Attendance: 1000 (100.00%) -- Ticket Income $160,000
Game was played at the MTS Center.
Total Attendance: 16197 (89.98%)
Total Ticket Income: $1,018,085
Other Income: $498,862
Total Income: $1,516,947

Hurricanes

5 vs 5 Forward 
   Center                   Left Wing                Right Wing               Time % Phy DF OF 
 1 Mike Fisher              Josh Bailey              Marian Gaborik           28     0   2  3  
 2 Martin Hanzal            Kris Versteeg            Jiri Hudler              27     0   2  3  
 3 Brad Richards            Mikhail Grabovski        Viktor Stalberg          25     0   2  3  
 4 Mark Arcobello           Brian Flynn              Stephen Gionta           20     0   2  3  

5 vs 5 Defense 
   Defense                  Defense                                           Time % Phy DF OF 
 1 Jared Spurgeon           Stephane Robidas                                  35     0   2  3  
 2 Thomas Hickey            Marco Scandella                                   35     0   2  3  
 3 Fedor Tyutin             Mike Weaver                                       30     1   2  2  
 4 Jared Spurgeon           Stephane Robidas                                  0      0   2  3  

PowerPlay Forward 
   Center                   Left Wing                Right Wing               Time % Phy DF OF 
 1 Mike Fisher              Josh Bailey              Marian Gaborik           50     0   1  4  
 2 Martin Hanzal            Kris Versteeg            Jiri Hudler              50     0   1  4  

PowerPlay Defense
   Defense                  Defense                                           Time % Phy DF OF 
 1 Jared Spurgeon           Stephane Robidas                                  50     0   1  4  
 2 Thomas Hickey            Marco Scandella                                   50     0   1  4  

Penalty Kill 4 Players Forward 
   Center                   Wing                     Time % Phy DF OF 
 1 Brian Flynn              Stephen Gionta           50     0   4  1  
 2 Brad Richards            Viktor Stalberg          50     0   4  1  

Penalty Kill 4 Players Defense
   Defense                  Defense                  Time % Phy DF OF 
 1 Fedor Tyutin             Mike Weaver              50     1   4  0  
 2 Jared Spurgeon           Stephane Robidas         50     1   4  0  

Penalty Kill - 3 Players Forward 
   Forward                                           Time % Phy DF OF 
 1 Brian Flynn                                       50     0   5  0  
 2 Brad Richards                                     50     0   5  0  

Penalty Kill - 3 Players Defense
   Defense                  Defense                  Time % Phy DF OF 
 1 Fedor Tyutin             Mike Weaver              50     1   4  0  
 2 Jared Spurgeon           Stephane Robidas         50     1   4  0  

4 vs 4 Forward 
   Center                   Wing                     Time % Phy DF OF 
 1 Mike Fisher              Marian Gaborik           50     0   3  2  
 2 Martin Hanzal            Jiri Hudler              50     0   3  2  

4 vs 4 Defense
   Defense                  Defense                  Time % Phy DF OF 
 1 Jared Spurgeon           Stephane Robidas         50     0   2  3  
 2 Thomas Hickey            Marco Scandella          50     0   2  3  

Last Minutes Offensive
   Center                   Left Wing                Right Wing               Defense                  Defense                  
   Mike Fisher              Jiri Hudler              Marian Gaborik           Jared Spurgeon           Marco Scandella          

Last Minutes Defensive
   Center                   Left Wing                Right Wing               Defense                  Defense                  
   Mike Fisher              Brian Flynn              Stephen Gionta           Fedor Tyutin             Mike Weaver              

Goaltenders
Starting : Marc-Andre Fleury        
Backup : John Muse                

Extra Forwards
Normal : Mike Fisher, Jiri Hudler, Marian Gaborik - PP : Marian Gaborik, Jiri Hudler - PK : Brad Richards
Extra Defensemen
Normal : Jared Spurgeon, Fedor Tyutin, Stephane Robidas - PP : Fedor Tyutin - PK : Stephane Robidas, Fedor Tyutin
Penalty Shots
Brad Richards, Brian Flynn, Marian Gaborik, Josh Bailey, Jiri Hudler

Jets

5 vs 5 Forward 
   Center                   Left Wing                Right Wing               Time % Phy DF OF 
 1 Ryan Getzlaf             Alex Ovechkin            Blake Wheeler            35     1   2  2  
 2 John Tavares             Max Pacioretty           Wayne Simmonds           30     1   2  2  
 3 Claude Giroux            Jussi Jokinen            Colin Wilson             22     1   2  2  
 4 Jarret Stoll             Filip Forsberg           Alex Ovechkin            13     1   2  2  

5 vs 5 Defense 
   Defense                  Defense                                           Time % Phy DF OF 
 1 Oliver Ekman-Larsson     Victor Hedman                                     35     1   2  2  
 2 Jake Muzzin              Marc Staal                                        30     1   2  2  
 3 Oscar Klefbom            Brad Stuart                                       22     1   2  2  
 4 Oliver Ekman-Larsson     Victor Hedman                                     13     1   2  2  

PowerPlay Forward 
   Center                   Left Wing                Right Wing               Time % Phy DF OF 
 1 Ryan Getzlaf             Alex Ovechkin            Blake Wheeler            60     1   2  2  
 2 Claude Giroux            Max Pacioretty           Wayne Simmonds           40     1   2  2  

PowerPlay Defense
   Defense                  Defense                                           Time % Phy DF OF 
 1 Oliver Ekman-Larsson     Victor Hedman                                     60     1   2  2  
 2 Jake Muzzin              Marc Staal                                        40     1   2  2  

Penalty Kill 4 Players Forward 
   Center                   Wing                     Time % Phy DF OF 
 1 Alex Ovechkin            Ryan Getzlaf             60     1   2  2  
 2 Blake Wheeler            Claude Giroux            40     1   2  2  

Penalty Kill 4 Players Defense
   Defense                  Defense                  Time % Phy DF OF 
 1 Oliver Ekman-Larsson     Victor Hedman            60     1   2  2  
 2 Jake Muzzin              Marc Staal               40     1   2  2  

Penalty Kill - 3 Players Forward 
   Forward                                           Time % Phy DF OF 
 1 Alex Ovechkin                                     60     1   2  2  
 2 Ryan Getzlaf                                      40     1   2  2  

Penalty Kill - 3 Players Defense
   Defense                  Defense                  Time % Phy DF OF 
 1 Oliver Ekman-Larsson     Victor Hedman            60     1   2  2  
 2 Jake Muzzin              Marc Staal               40     1   2  2  

4 vs 4 Forward 
   Center                   Wing                     Time % Phy DF OF 
 1 Alex Ovechkin            Ryan Getzlaf             60     1   2  2  
 2 Blake Wheeler            Claude Giroux            40     1   2  2  

4 vs 4 Defense
   Defense                  Defense                  Time % Phy DF OF 
 1 Oliver Ekman-Larsson     Victor Hedman            60     1   2  2  
 2 Jake Muzzin              Marc Staal               40     1   2  2  

Last Minutes Offensive
   Center                   Left Wing                Right Wing               Defense                  Defense                  
   Ryan Getzlaf             Alex Ovechkin            Blake Wheeler            Oliver Ekman-Larsson     Victor Hedman            

Last Minutes Defensive
   Center                   Left Wing                Right Wing               Defense                  Defense                  
   Ryan Getzlaf             Alex Ovechkin            Blake Wheeler            Oliver Ekman-Larsson     Victor Hedman            

Goaltenders
Starting : Jonathan Quick           
Backup : Jake Allen               

Extra Forwards
Normal : Alex Ovechkin, John Tavares, Jussi Jokinen - PP : Alex Ovechkin, John Tavares - PK : Jussi Jokinen
Extra Defensemen
Normal : Oscar Klefbom, Oliver Ekman-Larsson, Jake Muzzin - PP : Oscar Klefbom - PK : Victor Hedman, Jake Muzzin
Penalty Shots
Alex Ovechkin, Ryan Getzlaf, Blake Wheeler, Claude Giroux, John Tavares

% Time on Ice - Hurricanes

Lines # - Real PCT - Wanted PCT - Time Play
Normal Forward
1 - 26% - 28% - 12:03
2 - 27% - 27% - 12:20
3 - 24% - 25% - 10:49
4 - 23% - 20% - 10:17
Normal Defense
1 - 36% - 35% - 16:11
2 - 37% - 35% - 16:52
3 - 27% - 30% - 12:23
4 - 0% - 0% - 0:03
PP Forward
1 - 50% - 50% - 2:22
2 - 50% - 50% - 2:21
PP Defense
1 - 52% - 50% - 2:28
2 - 48% - 50% - 2:15
PK Forward
1 - 33% - 50% - 2:36
2 - 67% - 50% - 5:19
PK Defense
1 - 52% - 50% - 4:07
2 - 48% - 50% - 3:48
PK3 Forward
1 - 0% - 50%
2 - 0% - 50%
PK3 Defense
1 - 0% - 50%
2 - 0% - 50%
44 Forward
1 - 57% - 50% - 0:56
2 - 43% - 50% - 0:42
44 Defense
1 - 23% - 50% - 0:23
2 - 77% - 50% - 1:15
Last Minute Offensive  - 0:15
Last Minute Defensive  - 0:00
Total
Forward - 60:00
Defense - 60:00

% Time on Ice - Jets

Lines # - Real PCT - Wanted PCT - Time Play
Normal Forward
1 - 25% - 35% - 11:16
2 - 31% - 30% - 14:08
3 - 29% - 22% - 13:00
4 - 16% - 13% - 7:05
Normal Defense
1 - 38% - 35% - 17:27
2 - 38% - 30% - 17:15
3 - 16% - 22% - 7:27
4 - 7% - 13% - 3:20
PP Forward
1 - 63% - 60% - 4:57
2 - 37% - 40% - 2:58
PP Defense
1 - 72% - 60% - 5:44
2 - 28% - 40% - 2:11
PK Forward
1 - 86% - 60% - 4:03
2 - 14% - 40% - 0:40
PK Defense
1 - 86% - 60% - 4:04
2 - 14% - 40% - 0:39
PK3 Forward
1 - 0% - 60%
2 - 0% - 40%
PK3 Defense
1 - 0% - 60%
2 - 0% - 40%
44 Forward
1 - 100% - 60% - 1:38
2 - 0% - 40% - 0:00
44 Defense
1 - 74% - 60% - 1:13
2 - 26% - 40% - 0:25
Last Minute Offensive  - 0:00
Last Minute Defensive  - 0:15
Total
Forward - 60:00
Defense - 60:00

Play by Play

1st period


0:01 of 1st period - Ryan Getzlaf wins face-off versus Josh Bailey in neutral zone.
0:17 of 1st period - Snap shot by Josh Bailey.
0:17 of 1st period - Stopped by Jonathan Quick without a rebound.
0:18 of 1st period - Blake Wheeler wins face-off versus Mike Fisher in Jets zone.
0:44 of 1st period - Wrist shot by Mike Fisher.
0:44 of 1st period - Deflect By Marian Gaborik.
0:44 of 1st period - Stopped by Jonathan Quick with a rebound.
0:46 of 1st period - Snap shot by Stephane Robidas.
0:46 of 1st period - Shot Blocked by Victor Hedman.
1:11 of 1st period - Off-side.
1:12 of 1st period - John Tavares wins face-off versus Brad Richards in neutral zone.
1:33 of 1st period - Wrist shot by John Tavares.
1:33 of 1st period - Shot Misses the Net.
1:35 of 1st period - Slapshot by Jake Muzzin.
1:35 of 1st period - Shot Blocked by Marco Scandella.
2:23 of 1st period - Snap shot by Mark Arcobello.
2:23 of 1st period - Shot Misses the Net.
2:25 of 1st period - Wrist shot by Stephen Gionta.
2:25 of 1st period - Stopped by Jonathan Quick without a rebound.
2:26 of 1st period - Mark Arcobello wins face-off versus Jarret Stoll in Jets zone.
2:31 of 1st period - Wrist shot by Mark Arcobello.
2:31 of 1st period - Shot Misses the Net.
2:33 of 1st period - Slapshot by Mike Weaver.
2:33 of 1st period - Shot Misses the Net.
2:35 of 1st period - Wrist shot by Fedor Tyutin.
2:35 of 1st period - Shot Misses the Net.
2:37 of 1st period - Wrist shot by Brian Flynn.
2:37 of 1st period - Shot Misses the Net.
2:39 of 1st period - Slapshot by Fedor Tyutin.
2:39 of 1st period - Shot Blocked by Brad Stuart.
2:41 of 1st period - Slapshot by Mike Weaver.
2:41 of 1st period - Stopped by Jonathan Quick with a rebound.
2:43 of 1st period - Slapshot by Mike Weaver.
2:43 of 1st period - Stopped by Jonathan Quick without a rebound.
2:44 of 1st period - Jarret Stoll wins face-off versus Martin Hanzal in Jets zone.
2:46 of 1st period - Minor Penalty to Jarret Stoll for Holding.
2:47 of 1st period - Mike Fisher wins face-off versus Alex Ovechkin in Jets zone.
3:10 of 1st period - Slapshot by Stephane Robidas.
3:10 of 1st period - Goal by Stephane Robidas - Hurricanes : 1 - Jets : 0.
3:11 of 1st period - Martin Hanzal wins face-off versus John Tavares in neutral zone.
3:15 of 1st period - Minor Penalty to Wayne Simmonds for Interference.
3:16 of 1st period - Alex Ovechkin wins face-off versus Martin Hanzal in Jets zone.
3:23 of 1st period - Off-side.
3:24 of 1st period - Martin Hanzal wins face-off versus Alex Ovechkin in neutral zone.
4:17 of 1st period - Oliver Ekman-Larsson is hit by Mike Fisher and loses puck.
4:30 of 1st period - Snap shot by Marian Gaborik.
4:30 of 1st period - Stopped by Jonathan Quick with a rebound.
4:32 of 1st period - Wrist shot by Josh Bailey.
4:32 of 1st period - Shot Blocked by Victor Hedman.
4:34 of 1st period - Snap shot by Mike Fisher.
4:34 of 1st period - Shot Blocked by Blake Wheeler.
4:36 of 1st period - Wrist shot by Mike Fisher.
4:36 of 1st period - Deflect By Josh Bailey.
4:36 of 1st period - Shot Blocked by Victor Hedman.
4:36 of 1st period - Victor Hedman from Jets is injured at 4:36 of 1st period (Right Wrist).
4:37 of 1st period - Martin Hanzal wins face-off versus Alex Ovechkin in Jets zone.
5:15 of 1st period - Penalty to Wayne Simmonds is over, Wayne Simmonds is back on ice.
6:12 of 1st period - Snap shot by Brad Richards.
6:12 of 1st period - Shot Blocked by Brad Stuart.
6:16 of 1st period - Slapshot by Brad Richards.
6:16 of 1st period - Stopped by Jonathan Quick with a rebound.
6:18 of 1st period - Slapshot by Fedor Tyutin.
6:18 of 1st period - Shot Blocked by Oscar Klefbom.
6:20 of 1st period - Slapshot by Mikhail Grabovski.
6:20 of 1st period - Shot Misses the Net.
6:22 of 1st period - Slapshot by Thomas Hickey.
6:22 of 1st period - Deflect By Jussi Jokinen.
6:22 of 1st period - Stopped by Jonathan Quick with a rebound.
6:24 of 1st period - Slapshot by Marco Scandella.
6:24 of 1st period - Shot Misses the Net.
6:26 of 1st period - Backhand shot by Marco Scandella.
6:26 of 1st period - Stopped by Jonathan Quick with a rebound.
7:36 of 1st period - Jared Spurgeon is hit by Jake Muzzin and loses puck.
7:49 of 1st period - Snap shot by Kris Versteeg.
7:49 of 1st period - Shot Misses the Net.
7:51 of 1st period - Slapshot by Mike Weaver.
7:51 of 1st period - Stopped by Jonathan Quick with a rebound.
7:53 of 1st period - Slapshot by Mike Weaver.
7:53 of 1st period - Shot Misses the Net.
7:55 of 1st period - Snap shot by Mike Weaver.
7:55 of 1st period - Deflect By Jiri Hudler.
7:55 of 1st period - Stopped by Jonathan Quick without a rebound.
7:56 of 1st period - Mike Fisher wins face-off versus Ryan Getzlaf in Jets zone.
8:09 of 1st period - Mike Fisher is hit by Blake Wheeler and loses puck.
8:28 of 1st period - Wrist shot by Josh Bailey.
8:28 of 1st period - Stopped by Jonathan Quick without a rebound.
8:29 of 1st period - Martin Hanzal wins face-off versus John Tavares in Jets zone.
8:47 of 1st period - Minor Penalty to Marco Scandella for Interference.
8:48 of 1st period - Ryan Getzlaf wins face-off versus Brian Flynn in Hurricanes zone.
9:08 of 1st period - Minor Penalty to Alex Ovechkin for Hooking.
9:09 of 1st period - John Tavares wins face-off versus Mike Fisher in Jets zone.
9:31 of 1st period - Snap shot by John Tavares.
9:31 of 1st period - Deflect By Ryan Getzlaf.
9:31 of 1st period - Shot Blocked by Stephane Robidas.
9:31 of 1st period - Puck is out of play.
9:32 of 1st period - Martin Hanzal wins face-off versus John Tavares in Hurricanes zone.
9:56 of 1st period - Wrist shot by Jiri Hudler.
9:56 of 1st period - Stopped by Jonathan Quick with a rebound.
10:20 of 1st period - Marian Gaborik is hit by Jussi Jokinen and loses puck.
10:38 of 1st period - Marian Gaborik is hit by John Tavares.
10:46 of 1st period - Marc Staal is hit by Jared Spurgeon and loses puck.
10:47 of 1st period - Penalty to Marco Scandella is over, Marco Scandella is back on ice.
11:08 of 1st period - Penalty to Alex Ovechkin is over, Alex Ovechkin is back on ice.
11:21 of 1st period - Slapshot by Martin Hanzal.
11:21 of 1st period - Stopped by Jonathan Quick with a rebound.
11:23 of 1st period - Slapshot by Mike Weaver.
11:23 of 1st period - Deflect By Martin Hanzal.
11:23 of 1st period - Shot Blocked by Alex Ovechkin.
11:23 of 1st period - Puck is out of play.
11:24 of 1st period - Martin Hanzal wins face-off versus Jarret Stoll in Jets zone.
12:05 of 1st period - Mikhail Grabovski is hit by Max Pacioretty and loses puck.
12:42 of 1st period - Marc Staal is hit by Mark Arcobello and loses puck.
13:20 of 1st period - Icing by Blake Wheeler.
13:21 of 1st period - Ryan Getzlaf wins face-off versus Mike Fisher in Jets zone.
13:26 of 1st period - Slapshot by Ryan Getzlaf.
13:26 of 1st period - Stopped by Marc-Andre Fleury with a rebound.
13:28 of 1st period - Snap shot by Ryan Getzlaf.
13:28 of 1st period - Shot Misses the Net.
13:30 of 1st period - Backhand shot by Ryan Getzlaf.
13:30 of 1st period - Stopped by Marc-Andre Fleury with a rebound.
14:13 of 1st period - Oliver Ekman-Larsson is hit by Viktor Stalberg and loses puck.
14:42 of 1st period - Martin Hanzal is hit by Oliver Ekman-Larsson and loses puck.
14:51 of 1st period - Snap shot by Kris Versteeg.
14:51 of 1st period - Shot Misses the Net.
15:19 of 1st period - Jared Spurgeon is hit by John Tavares and loses puck.
15:28 of 1st period - Wrist shot by Wayne Simmonds.
15:28 of 1st period - Shot Misses the Net.
15:34 of 1st period - Max Pacioretty is hit by Mark Arcobello and loses puck.
15:39 of 1st period - Slapshot by Mark Arcobello.
15:39 of 1st period - Shot Misses the Net.
15:41 of 1st period - Wrist shot by Mark Arcobello.
15:41 of 1st period - Stopped by Jonathan Quick without a rebound.
15:42 of 1st period - Mike Fisher wins face-off versus Ryan Getzlaf in Jets zone.
16:17 of 1st period - Snap shot by Marian Gaborik.
16:17 of 1st period - Stopped by Jonathan Quick with a rebound.
17:13 of 1st period - Snap shot by Jiri Hudler.
17:13 of 1st period - Shot Misses the Net.
18:31 of 1st period - Mike Fisher is hit by Marc Staal and loses puck.
19:43 of 1st period - Jake Muzzin is hit by Stephane Robidas and loses puck.
Goals for this period are 1 for Hurricanes vs 0 for Jets.
Shots for this period are 17 for Hurricanes vs 2 for Jets.

2nd period


0:01 of 2nd period - Martin Hanzal wins face-off versus Ryan Getzlaf in neutral zone.
0:52 of 2nd period - Wrist shot by John Tavares.
0:52 of 2nd period - Goal by John Tavares - Hurricanes : 1 - Jets : 1.
0:53 of 2nd period - John Tavares wins face-off versus Mike Fisher in neutral zone.
0:56 of 2nd period - Wrist shot by Max Pacioretty.
0:56 of 2nd period - Stopped by Marc-Andre Fleury with a rebound.
1:46 of 2nd period - Minor Penalty to Thomas Hickey for Hooking.
1:47 of 2nd period - Ryan Getzlaf wins face-off versus Brian Flynn in Hurricanes zone.
1:52 of 2nd period - Snap shot by Ryan Getzlaf.
1:52 of 2nd period - Stopped by Marc-Andre Fleury with a rebound.
1:58 of 2nd period - Snap shot by Stephen Gionta.
1:58 of 2nd period - Stopped by Jonathan Quick without a rebound.
1:59 of 2nd period - Ryan Getzlaf wins face-off versus Brian Flynn in Jets zone.
2:10 of 2nd period - Wrist shot by Blake Wheeler.
2:10 of 2nd period - Stopped by Marc-Andre Fleury without a rebound.
2:11 of 2nd period - Ryan Getzlaf wins face-off versus Brad Richards in Hurricanes zone.
2:16 of 2nd period - Snap shot by Alex Ovechkin.
2:16 of 2nd period - Stopped by Marc-Andre Fleury without a rebound.
2:17 of 2nd period - Brad Richards wins face-off versus Ryan Getzlaf in Hurricanes zone.
2:52 of 2nd period - Snap shot by Stephen Gionta.
2:52 of 2nd period - Stopped by Jonathan Quick without a rebound.
2:53 of 2nd period - Brian Flynn wins face-off versus Claude Giroux in Jets zone.
3:08 of 2nd period - Mike Weaver is hit by Oscar Klefbom and loses puck.
3:27 of 2nd period - Slapshot by Wayne Simmonds.
3:27 of 2nd period - Shot Misses the Net.
3:29 of 2nd period - Snap shot by Marc Staal.
3:29 of 2nd period - Stopped by Marc-Andre Fleury without a rebound.
3:30 of 2nd period - Brian Flynn wins face-off versus Ryan Getzlaf in Hurricanes zone.
3:46 of 2nd period - Penalty to Thomas Hickey is over, Thomas Hickey is back on ice.
4:14 of 2nd period - Snap shot by Claude Giroux.
4:14 of 2nd period - Stopped by Marc-Andre Fleury with a rebound.
4:16 of 2nd period - Slapshot by Marc Staal.
4:16 of 2nd period - Stopped by Marc-Andre Fleury with a rebound.
4:18 of 2nd period - Snap shot by Jussi Jokinen.
4:18 of 2nd period - Stopped by Marc-Andre Fleury with a rebound.
4:20 of 2nd period - Wrist shot by Jussi Jokinen.
4:20 of 2nd period - Stopped by Marc-Andre Fleury without a rebound.
4:21 of 2nd period - Martin Hanzal wins face-off versus Claude Giroux in Hurricanes zone.
4:38 of 2nd period - Snap shot by Jiri Hudler.
4:38 of 2nd period - Shot Misses the Net.
4:40 of 2nd period - Snap shot by Mike Weaver.
4:40 of 2nd period - Shot Misses the Net.
5:14 of 2nd period - Slapshot by Mikhail Grabovski.
5:14 of 2nd period - Shot Misses the Net.
5:16 of 2nd period - Slapshot by Marco Scandella.
5:16 of 2nd period - Shot Misses the Net.
5:18 of 2nd period - Slapshot by Marco Scandella.
5:18 of 2nd period - Shot Misses the Net.
5:30 of 2nd period - Slapshot by Viktor Stalberg.
5:30 of 2nd period - Stopped by Jonathan Quick without a rebound.
5:31 of 2nd period - Mike Fisher wins face-off versus Ryan Getzlaf in Jets zone.
5:36 of 2nd period - Snap shot by Mike Fisher.
5:36 of 2nd period - Shot Blocked by Marc Staal.
6:20 of 2nd period - Brian Flynn is hit by Marc Staal and loses puck.
6:45 of 2nd period - Slapshot by Brian Flynn.
6:45 of 2nd period - Stopped by Jonathan Quick with a rebound.
7:21 of 2nd period - Wrist shot by Martin Hanzal.
7:21 of 2nd period - Shot Misses the Net.
7:23 of 2nd period - Snap shot by Martin Hanzal.
7:23 of 2nd period - Goal by Martin Hanzal - Hurricanes : 2 - Jets : 1.
7:24 of 2nd period - John Tavares wins face-off versus Brad Richards in neutral zone.
7:31 of 2nd period - Snap shot by Max Pacioretty.
7:31 of 2nd period - Shot Misses the Net.
7:54 of 2nd period - Minor Penalty to Fedor Tyutin for Interference.
7:55 of 2nd period - Brian Flynn wins face-off versus Alex Ovechkin in Hurricanes zone.
8:03 of 2nd period - Wrist shot by Blake Wheeler.
8:03 of 2nd period - Stopped by Marc-Andre Fleury without a rebound.
8:04 of 2nd period - Brian Flynn wins face-off versus Ryan Getzlaf in Hurricanes zone.
8:33 of 2nd period - Snap shot by Ryan Getzlaf.
8:33 of 2nd period - Deflect By Blake Wheeler.
8:33 of 2nd period - Shot Misses the Net.
8:33 of 2nd period - Puck is out of play.
8:34 of 2nd period - Claude Giroux wins face-off versus Brian Flynn in Hurricanes zone.
8:49 of 2nd period - Wrist shot by Brian Flynn.
8:49 of 2nd period - Deflect By Stephen Gionta.
8:49 of 2nd period - Shot Misses the Net.
8:49 of 2nd period - Puck is out of play.
8:50 of 2nd period - Claude Giroux wins face-off versus Brian Flynn in Jets zone.
9:54 of 2nd period - Penalty to Fedor Tyutin is over, Fedor Tyutin is back on ice.
10:15 of 2nd period - Snap shot by Claude Giroux.
10:15 of 2nd period - Shot Misses the Net.
10:17 of 2nd period - Slapshot by Oscar Klefbom.
10:17 of 2nd period - Deflect By Brian Flynn.
10:17 of 2nd period - Stopped by Marc-Andre Fleury with a rebound.
10:19 of 2nd period - Slapshot by Oliver Ekman-Larsson.
10:19 of 2nd period - Shot Blocked by Mike Weaver.
10:31 of 2nd period - Slapshot by Colin Wilson.
10:31 of 2nd period - Stopped by Marc-Andre Fleury without a rebound.
10:32 of 2nd period - John Tavares wins face-off versus Martin Hanzal in Hurricanes zone.
10:33 of 2nd period - Slapshot by Wayne Simmonds.
10:33 of 2nd period - Deflect By Marco Scandella.
10:33 of 2nd period - Shot Blocked by Martin Hanzal.
10:33 of 2nd period - Puck is out of play.
10:34 of 2nd period - Martin Hanzal wins face-off versus John Tavares in Hurricanes zone.
10:59 of 2nd period - Snap shot by Max Pacioretty.
10:59 of 2nd period - Stopped by Marc-Andre Fleury without a rebound.
11:00 of 2nd period - Ryan Getzlaf wins face-off versus Mike Fisher in Hurricanes zone.
11:11 of 2nd period - Wrist shot by Blake Wheeler.
11:11 of 2nd period - Stopped by Marc-Andre Fleury with a rebound.
11:13 of 2nd period - Minor Penalty to Mike Fisher for Holding.
11:14 of 2nd period - Brian Flynn wins face-off versus Ryan Getzlaf in Hurricanes zone.
12:22 of 2nd period - Wrist shot by Claude Giroux.
12:22 of 2nd period - Shot Misses the Net.
12:24 of 2nd period - Backhand shot by Marc Staal.
12:24 of 2nd period - Shot Misses the Net.
12:46 of 2nd period - Wrist shot by Alex Ovechkin.
12:46 of 2nd period - Shot Misses the Net.
12:48 of 2nd period - Wrist shot by Oliver Ekman-Larsson.
12:48 of 2nd period - Stopped by Marc-Andre Fleury with a rebound.
12:50 of 2nd period - Slapshot by Oliver Ekman-Larsson.
12:50 of 2nd period - Goal by Oliver Ekman-Larsson - Hurricanes : 2 - Jets : 2.
12:51 of 2nd period - Martin Hanzal wins face-off versus Claude Giroux in neutral zone.
13:18 of 2nd period - Kris Versteeg is hit by Jussi Jokinen and loses puck.
14:47 of 2nd period - Marc Staal is hit by Fedor Tyutin and loses puck.
14:56 of 2nd period - Snap shot by Blake Wheeler.
14:56 of 2nd period - Shot Blocked by Mike Weaver.
14:58 of 2nd period - Backhand shot by Marc Staal.
14:58 of 2nd period - Shot Misses the Net.
15:30 of 2nd period - Snap shot by Brad Richards.
15:30 of 2nd period - Shot Blocked by Jake Muzzin.
15:32 of 2nd period - Slapshot by Marco Scandella.
15:32 of 2nd period - Stopped by Jonathan Quick without a rebound.
15:33 of 2nd period - Martin Hanzal wins face-off versus Claude Giroux in Jets zone.
16:29 of 2nd period - Snap shot by Stephen Gionta.
16:29 of 2nd period - Stopped by Jonathan Quick without a rebound.
16:30 of 2nd period - John Tavares wins face-off versus Mark Arcobello in Jets zone.
17:13 of 2nd period - Jake Muzzin is hit by Stephane Robidas and loses puck.
18:50 of 2nd period - Minor Penalty to Alex Ovechkin for Elbowing.
18:51 of 2nd period - Martin Hanzal wins face-off versus Jussi Jokinen in Jets zone.
19:26 of 2nd period - Icing by Kris Versteeg.
19:27 of 2nd period - Martin Hanzal wins face-off versus Claude Giroux in Hurricanes zone.
19:56 of 2nd period - Jussi Jokinen is hit by Mike Fisher and loses puck.
Goals for this period are 1 for Hurricanes vs 2 for Jets.
Shots for this period are 7 for Hurricanes vs 17 for Jets.

3rd period


0:01 of 3rd period - Jussi Jokinen wins face-off versus Mike Fisher in neutral zone.
0:04 of 3rd period - Slapshot by Oliver Ekman-Larsson.
0:04 of 3rd period - Shot Misses the Net.
0:50 of 3rd period - Penalty to Alex Ovechkin is over, Alex Ovechkin is back on ice.
1:19 of 3rd period - Thomas Hickey is hit by Oscar Klefbom and loses puck.
1:43 of 3rd period - Icing by Stephane Robidas.
1:44 of 3rd period - Jarret Stoll wins face-off versus Brad Richards in Hurricanes zone.
2:34 of 3rd period - Oscar Klefbom is hit by Jared Spurgeon and loses puck.
3:07 of 3rd period - Slapshot by John Tavares.
3:07 of 3rd period - Shot Blocked by Mike Fisher.
3:09 of 3rd period - Wrist shot by Max Pacioretty.
3:09 of 3rd period - Shot Blocked by Stephane Robidas.
3:11 of 3rd period - Snap shot by Brad Stuart.
3:11 of 3rd period - Shot Blocked by Stephane Robidas.
3:13 of 3rd period - Snap shot by Max Pacioretty.
3:13 of 3rd period - Shot Misses the Net.
3:15 of 3rd period - Snap shot by Max Pacioretty.
3:15 of 3rd period - Shot Misses the Net.
3:17 of 3rd period - Snap shot by Brad Stuart.
3:17 of 3rd period - Shot Blocked by Stephane Robidas.
3:19 of 3rd period - Wrist shot by Oscar Klefbom.
3:19 of 3rd period - Stopped by Marc-Andre Fleury with a rebound.
3:39 of 3rd period - Wrist shot by Wayne Simmonds.
3:39 of 3rd period - Shot Blocked by Jared Spurgeon.
4:25 of 3rd period - Wrist shot by Martin Hanzal.
4:25 of 3rd period - Shot Misses the Net.
5:09 of 3rd period - Stephen Gionta is hit by Wayne Simmonds.
5:25 of 3rd period - Max Pacioretty is hit by Mark Arcobello and loses puck.
6:14 of 3rd period - Slapshot by Kris Versteeg.
6:14 of 3rd period - Stopped by Jonathan Quick without a rebound.
6:15 of 3rd period - Jarret Stoll wins face-off versus Martin Hanzal in Jets zone.
6:22 of 3rd period - Snap shot by Kris Versteeg.
6:22 of 3rd period - Stopped by Jonathan Quick with a rebound.
6:42 of 3rd period - Snap shot by Alex Ovechkin.
6:42 of 3rd period - Stopped by Marc-Andre Fleury with a rebound.
8:16 of 3rd period - Slapshot by Claude Giroux.
8:16 of 3rd period - Stopped by Marc-Andre Fleury without a rebound.
8:17 of 3rd period - Claude Giroux wins face-off versus Mike Fisher in Hurricanes zone.
9:04 of 3rd period - Snap shot by John Tavares.
9:04 of 3rd period - Stopped by Marc-Andre Fleury with a rebound.
9:06 of 3rd period - Slapshot by Oscar Klefbom.
9:06 of 3rd period - Shot Blocked by Jared Spurgeon.
9:49 of 3rd period - Marc Staal is hit by Stephen Gionta and loses puck.
10:10 of 3rd period - Snap shot by Blake Wheeler.
10:10 of 3rd period - Stopped by Marc-Andre Fleury with a rebound.
10:14 of 3rd period - Wrist shot by Jarret Stoll.
10:14 of 3rd period - Shot Hit the Post.
10:16 of 3rd period - Snap shot by Jarret Stoll.
10:16 of 3rd period - Shot Misses the Net.
10:28 of 3rd period - Snap shot by John Tavares.
10:28 of 3rd period - Shot Misses the Net.
10:36 of 3rd period - Wrist shot by John Tavares.
10:36 of 3rd period - Shot Blocked by Stephane Robidas.
10:38 of 3rd period - Slapshot by Brad Stuart.
10:38 of 3rd period - Shot Blocked by Stephane Robidas.
10:54 of 3rd period - Wrist shot by Alex Ovechkin.
10:54 of 3rd period - Stopped by Marc-Andre Fleury with a rebound.
11:34 of 3rd period - Snap shot by Mike Fisher.
11:34 of 3rd period - Shot Blocked by Jussi Jokinen.
11:36 of 3rd period - Snap shot by Mike Fisher.
11:36 of 3rd period - Stopped by Jonathan Quick with a rebound.
13:02 of 3rd period - Minor Penalty to Viktor Stalberg for Interference.
13:03 of 3rd period - Brad Richards wins face-off versus Ryan Getzlaf in Hurricanes zone.
13:15 of 3rd period - Off-side.
13:16 of 3rd period - Brad Richards wins face-off versus Alex Ovechkin in neutral zone.
13:38 of 3rd period - Brad Richards is hit by Alex Ovechkin and loses puck.
14:49 of 3rd period - Jared Spurgeon is hit by Max Pacioretty and loses puck.
15:02 of 3rd period - Penalty to Viktor Stalberg is over, Viktor Stalberg is back on ice.
15:08 of 3rd period - Fedor Tyutin is hit by Alex Ovechkin and loses puck.
15:27 of 3rd period - Snap shot by Kris Versteeg.
15:27 of 3rd period - Stopped by Jonathan Quick with a rebound.
15:33 of 3rd period - Marco Scandella is hit by Wayne Simmonds.
16:07 of 3rd period - Filip Forsberg is hit by Marco Scandella.
16:45 of 3rd period - Wrist shot by Mikhail Grabovski.
16:45 of 3rd period - Deflect By Brad Richards.
16:45 of 3rd period - Shot Blocked by Oliver Ekman-Larsson.
16:45 of 3rd period - Puck is out of play.
16:46 of 3rd period - Brad Richards wins face-off versus Ryan Getzlaf in Jets zone.
17:21 of 3rd period - Wrist shot by John Tavares.
17:21 of 3rd period - Stopped by Marc-Andre Fleury with a rebound.
17:23 of 3rd period - Slapshot by Marc Staal.
17:23 of 3rd period - Shot Misses the Net.
17:43 of 3rd period - Brian Flynn is hit by Jarret Stoll and loses puck.
17:54 of 3rd period - Snap shot by Brian Flynn.
17:54 of 3rd period - Stopped by Jonathan Quick with a rebound.
18:14 of 3rd period - Slapshot by Claude Giroux.
18:14 of 3rd period - Shot Blocked by Brian Flynn.
18:16 of 3rd period - Slapshot by Jussi Jokinen.
18:16 of 3rd period - Shot Blocked by Fedor Tyutin.
19:15 of 3rd period - Stephane Robidas is hit by Jake Muzzin and loses puck.
19:38 of 3rd period - Slapshot by John Tavares.
19:38 of 3rd period - Shot Blocked by Kris Versteeg.
19:40 of 3rd period - Backhand shot by Clayton Stoner.
19:40 of 3rd period - Stopped by Marc-Andre Fleury with a rebound.
19:42 of 3rd period - Wrist shot by Brad Stuart.
19:42 of 3rd period - Shot Blocked by Jared Spurgeon.
19:44 of 3rd period - Snap shot by Wayne Simmonds.
19:44 of 3rd period - Goal by Wayne Simmonds - Hurricanes : 2 - Jets : 3.
19:45 of 3rd period - Ryan Getzlaf wins face-off versus Mike Fisher in neutral zone.
19:56 of 3rd period - Wrist shot by Alex Ovechkin.
19:56 of 3rd period - Shot Misses the Net.
19:58 of 3rd period - Wrist shot by Alex Ovechkin.
19:58 of 3rd period - Shot Misses the Net.
Goals for this period are 0 for Hurricanes vs 1 for Jets.
Shots for this period are 5 for Hurricanes vs 9 for Jets.